 Dungeon Sprint DCSS version 0.23-a0-319-gb40ba49 (webtiles) character file.

1336 Kidiri the Fighter (level 8, -2/85 HPs)
             Began as a Minotaur Fighter on Oct 15, 2018.
             Was a Priest of Okawaru.
             Slain by an orc wizard
             ... wielding a +0 dagger
             ... led by an orc knight
              (3 damage)
             ... while paralysed by an orc sorcerer
             ... in the Dungeon (Sprint VII: "The Pits").
             The game lasted 00:06:30 (1211 turns).

Kidiri the Fighter (Minotaur Fighter)               Turns: 1211, Time: 00:06:30

Health: -2/85      AC: -3    Str: 22    XL:     8   Next: 35%
Magic:  6/7        EV:  2    Int:  5    God:    Okawaru [***...]
Gold:   0          SH:  0    Dex: 11    Spells: 7/7 levels left

rFire    . . .     SeeInvis .   a - +0 long sword (holy)
rCold    . . .     Gourm    .   c - +0 shield
rNeg     . . .     Faith    .   b - +2 plate armour
rPois    .         Spirit   .   (helmet restricted)
rElec    .         Reflect  .   (no cloak)
rCorr    .         Harm     .   (no gloves)
MR       .....     NoTele   +   (no boots)
Stlth    ..........             (no amulet)
HPRegen  0.24/turn              (no ring)
MPRegen  0.10/turn              (no ring)

@: paralysed, corroded, berserk cooldown, slowed
A: retaliatory headbutt, horns 2
a: Heroism, Renounce Religion


You were in the Dungeon.
You worshipped Okawaru.
Okawaru was most pleased with you.
You were hungry.

You visited 1 branch

Inventory:

Hand Weapons
 a - a +0 long sword of holy wrath (weapon)
 q - a +2 falchion
Armour
 b - a +2 plate armour (worn)
 c - a +0 shield (worn)
Scrolls
 k - a scroll of blinking
 m - 3 scrolls of remove curse
 n - 5 scrolls of amnesia
 o - a scroll of summoning
Potions
 d - a potion of might
 e - 6 potions of curing
 g - 3 potions of heal wounds
 h - a potion of haste
 i - 4 potions of magic
 j - 2 potions of berserk rage
 l - 2 potions of invisibility
Comestibles
 f - 8 rations


   Skills:
 * Level 12.9 Fighting
 + Level 9.3 Long Blades
 + Level 9.9 Armour
 + Level 8.2 Dodging
 + Level 9.9 Shields


You had 7 spell levels left.
You didn't know any spells.
Your spell library was empty.

Dungeon Overview and Level Annotations

Branches:
Dungeon (1/1)

Altars:
Ashenzari
Cheibriados
Dithmenos
Elyvilon
Fedhas
Gozag
Hepliaklqana
Kikubaaqudgha
Makhleb
Nemelex Xobeh
Okawaru
Qazlal
Ru
Sif Muna
Trog
Uskayaw
Vehumet
Wu Jian
Xom
Yredelemnul
Zin
The Shining One
Beogh
Jiyva
Lugonu

Annotations:
D exclusion: 2 doors


Innate Abilities, Weirdness & Mutations

You reflexively headbutt those who attack you in melee.
You have a pair of horns on your head.


Message History

You hear some strange, mumbled words.
A magic dart appears from out of thin air!
The magic dart hits you! The orc sorcerer casts a spell at you.
You suddenly lose the ability to move!
The rust devil hits you. The rust devil corrodes you!
Something hits you but does no damage.
You feel like a meek peon again.
The orc warrior hits you from afar with a halberd!!
The orc sorcerer hits you with a dagger of holy wrath.
* * * LOW HITPOINT WARNING * * *
The rust devil hits you.
* * * LOW HITPOINT WARNING * * *
The rust devil corrodes you! Something completely misses you.
The orc warrior hits you from afar with a halberd!!
* * * LOW HITPOINT WARNING * * *
The orc sorcerer mumbles some strange words.
The rust devil hits you.
* * * LOW HITPOINT WARNING * * *
The rust devil corrodes you! Something hits you.
You die...

#.#.)......##.......#
#.#........##.......#
#'###########.......#
#.......#..##########
#..###..#.# ####
#.......#)#....#
##.###.##+#4...#
#......4#.oo...+
#..###.@#'#
#.....4÷oo#
###########


You could see 2 rust devils, an orc sorcerer and an orc warrior.

Vanquished Creatures
  An orc knight (D)
  A flying skull (D)
  A hungry ghost (D)
  A water moccasin (D)
  An orc warrior (D)
  2 wolves (D)
  A necrophage (D)
  A crimson imp (D)
  An orc priest (D)
  An orc wizard (D)
  A worker ant (D)
  A hell rat (D)
  2 adders (D)
  An ufetubus (D)
  A worm (D)
  A leopard gecko (D)
  A ball python (D)
  2 hobgoblins (D)
  2 kobolds (D)
  2 quokkas (D)
  A quokka zombie (D)
26 creatures vanquished.

Notes
Turn   | Place    | Note
-------+----------+-------------------------------------------
     0 | D        | Kidiri the Minotaur Fighter began the quest for the Orb.
     0 | D        | Reached XP level 1. HP: 19/19 MP: 0/0
    29 | D        | Reached skill level 4 in Fighting
    29 | D        | Reached skill level 1 in Dodging
    29 | D        | Reached XP level 2. HP: 11/28 MP: 1/1
    64 | D        | Found a bloodstained altar of Trog.
    64 | D        | Found a deep blue altar of Sif Muna.
    64 | D        | Found a viscous altar of Jiyva.
    64 | D        | Found a hazy altar of Hepliaklqana.
    64 | D        | Found an opulent altar of Gozag.
    65 | D        | Found a glowing golden altar of the Shining One.
    65 | D        | Found a glowing silver altar of Zin.
    65 | D        | Found a basalt altar of Yredelemnul.
    65 | D        | Found a shimmering altar of Xom.
    65 | D        | Found an ornate altar of the Wu Jian Council.
    65 | D        | Found a sacrificial altar of Ru.
    65 | D        | Found a stormy altar of Qazlal.
    65 | D        | Found an iron altar of Okawaru.
    65 | D        | Found a sparkling altar of Nemelex Xobeh.
    65 | D        | Found a burning altar of Makhleb.
    65 | D        | Found a blossoming altar of Fedhas.
    65 | D        | Found a white marble altar of Elyvilon.
    65 | D        | Found a shadowy altar of Dithmenos.
    65 | D        | Found a snail-covered altar of Cheibriados.
    67 | D        | Found a radiant altar of Vehumet.
    67 | D        | Found a corrupted altar of Lugonu.
    67 | D        | Found a roughly hewn altar of Beogh.
    68 | D        | Found a hide-covered altar of Uskayaw.
    68 | D        | Found an ancient bone altar of Kikubaaqudgha.
    68 | D        | Found a shattered altar of Ashenzari.
    73 | D        | Became a worshipper of Warmaster Okawaru
   249 | D        | Reached skill level 5 in Fighting
   253 | D        | Reached XP level 3. HP: 30/37 MP: 2/2
   409 | D        | Reached skill level 6 in Fighting
   409 | D        | Reached skill level 5 in Armour
   425 | D        | Reached skill level 5 in Shields
   610 | D        | Noticed a water moccasin
   610 | D        | Noticed a wolf
   622 | D        | Noticed a flying skull
   624 | D        | Killed a wolf
   624 | D        | Reached * piety under Okawaru
   624 | D        | Reached skill level 7 in Fighting
   624 | D        | Reached skill level 5 in Long Blades
   624 | D        | Reached XP level 4. HP: 40/48 MP: 3/3
   624 | D        | Reached XP level 5. HP: 44/53 MP: 4/4
   628 | D        | Killed a water moccasin
   628 | D        | Reached skill level 9 in Fighting
   628 | D        | Reached skill level 5 in Dodging
   643 | D        | Killed a flying skull
   643 | D        | Reached skill level 10 in Fighting
   643 | D        | Reached XP level 6. HP: 22/67 MP: 5/5
  1087 | D        | Noticed a hungry ghost
  1092 | D        | Reached skill level 11 in Fighting
  1092 | D        | Reached XP level 7. HP: 74/74 MP: 3/6
  1105 | D        | Killed a hungry ghost
  1105 | D        | Reached ** piety under Okawaru
  1154 | D        | Noticed an orc sorcerer
  1158 | D        | Noticed an ice devil
  1159 | D        | Noticed an orc knight
  1179 | D        | Noticed a red devil
  1182 | D        | Killed an orc knight
  1182 | D        | Reached skill level 12 in Fighting
  1182 | D        | Reached XP level 8. HP: 58/85 MP: 5/7
  1182 | D        | Noticed a rust devil
  1193 | D        | Noticed an orange demon
  1202 | D        | Reached *** piety under Okawaru
  1209 | D        | Noticed a rust devil
  1209 | D        | Paralysed by an orc sorcerer for 3 turns
  1211 | D        | HP: 2/85 [orc warrior/halberd[an orc knight] (18)]
  1211 | D        | Slain by an orc wizard

Vault maps used:
D:        pitsprint

Skill      XL: |  1  2  3  4  5  6  7  8 |
---------------+-------------------------+-----
Fighting       | 4 5 7 10 11 12 | 12.9
Long Blades    | 3 5 7 9 |  9.3
Armour         | 4 6 7 8 9 |  9.9
Dodging        | 1 2 4 6 7 8 |  8.2
Shields        | 4 6 7 8 9 |  9.9

Action                   |  1- 3 |  4- 6 |  7- 9 || total
-------------------------+-------+-------+-------++-------
Melee: Long sword        |     4 |    26 |    57 ||    87
       Headbutt          |     5 |     8 |    11 ||    24
       Falchion          |    27 |    10 |       ||    37
Invok: Heroism           |       |     1 |     2 ||     3
  Use: Potion            |       |       |     4 ||     4
  Eat: Ration            |       |     1 |       ||     1
       Chunk             |       |       |     1 ||     1
Armor: Scale mail        |    10 |       |       ||    10
       Plate armour      |     8 |     8 |    19 ||    35
Dodge: Dodged            |     5 |    11 |    20 ||    36
Block: Shield            |     9 |    14 |    33 ||    56
       Rpst.: Long sword |       |     2 |     7 ||     9

Table legend:
 A = Non-vault XP
 B = Vault XP
 C = Vault XP percentage of total XP
 D = Non-vault monster count
 E = Vault monster count
 F = Vault count percentage of total count
                 A         B        C        D         E       F
            +---------+---------+-------+---------+---------+-------
      Total |       0 |    1909 | 100.0 |       0 |      26 | 100.0
            +---------+---------+-------+---------+---------+-------
          D |       0 |    1909 | 100.0 |       0 |      26 | 100.0
            +---------+---------+-------+---------+---------+-------
